 Dungeon Crawl Stone Soup version 0.30-a0-711-gf4ac18a38d (webtiles) character file.

Game seed: 2560434394234021080

7032 Irreverend the Thaumaturge (level 11, -3/65 HPs)
             Began as a Djinni Fire Elementalist on Jan 23, 2023.
             Was an Initiate of Ashenzari.
             Slain by a centaur warrior (4 damage)
             ... on level 8 of the Dungeon.
             The game lasted 00:36:40 (8717 turns).

Irreverend the Thaumaturge (DjFE)                   Turns: 8717, Time: 00:36:41

Health: -3/65      AC:  7    Str: 10    XL:     11   Next: 29%
Gold:   601        EV: 17    Int: 23    God:    Ashenzari [......] SH:  0 Dex: 15

rFire   + + .      SeeInvis +    E - staff of death
rCold   x . .      Faith    .    (no shield)
rNeg    + . .      Spirit   .    z - +0 leather armour of the Endless Expanse {Str+3 Int+3}
rPois   ∞          Reflect  .    (no helmet)
rElec   .          Harm     .    (no cloak)
rCorr   .          Rampage  .    (no gloves)
Will    +....                    (boots unavailable)
Stlth   ++                       (no amulet)
HPRegen 0.30/turn                d - ring of Supernal Knowledge {AC+4, Self, Fort} (curse)
MPRegen 0.00/turn                e - ring of see invisible

@: flying
A: sickness immunity, fire resistance 2, cold vulnerability 1, float, innate
caster, HP casting, extra vitality 1
a: Renounce Religion, Curse Item, Shatter the Chains


You were on level 8 of the Dungeon.
You worshipped Ashenzari.
Ashenzari was noncommittal.
You visited 2 branches of the dungeon, and saw 9 of its levels.
You also visited: Bailey.

You collected 601 gold pieces.

Inventory:

Missiles
 x - a throwing net
Armour
 a - a +1 robe
 i - a +0 pair of boots
 n - the +1 robe of Sif Muna's Delight {Will+}
   (You found it on level 2 of the Dungeon)

   Will:      It increases your willpower.
 u - a +2 pair of gloves
 z - the +0 leather armour of the Endless Expanse (worn) {Str+3 Int+3}
   (You found it on level 5 of the Dungeon)

   Str:       It affects your strength (+3).
   Int:       It affects your intelligence (+3).
Magical Staves
 E - a staff of death (weapon)
Jewellery
 d - the cursed ring of Supernal Knowledge (left hand) {AC+4, Self, Fort}
   (You found it on level 2 of the Dungeon)

   [ring of protection]

   AC:        It affects your AC (+4).
   It has a curse which improves the following skills: Introspection: Fighting
   and Spellcasting.
   Fortitude: Armour and Shields.
 e - a ring of see invisible (right hand)
 f - a ring of positive energy
 B - an amulet of faith
Wands
 c - a wand of flame (11)
 y - a wand of polymorph (10)
 C - a wand of light (6)
Scrolls
 g - 4 scrolls of enchant armour
 k - a scroll of acquirement
 o - a scroll of noise {unknown}
 q - 4 scrolls of identify
 r - 2 scrolls of magic mapping {unknown}
 s - a scroll of teleportation
 t - 2 scrolls of fog {unknown}
 A - 3 scrolls of amnesia {unknown}
 D - 3 scrolls of enchant weapon {unknown}
Potions
 b - a potion of magic
 h - 4 potions of curing
 j - 3 potions of brilliance {unknown}
 l - a potion of lignification {unknown}
 m - 2 potions of haste {unknown}
 p - 3 potions of mutation {unknown}
 v - a potion of flight {unknown}
 w - 2 potions of invisibility {unknown}
 F - a potion of attraction {unknown}
 G - a potion of cancellation {unknown}


   Skills:
 + Level 10.8 Dodging
 - Level 1.5 Stealth
 * Level 10.9(11.3) Spellcasting


You had 5 spell levels left.
You knew the following spells:

 Your Spells              Type           Power      Damage    Failure   Level
a - Foxfire               Conj/Fire      100%       2x1d9     1%          1
b - Scorch                Fire           100%       2d10      1%          2
c - Kindle Blastsparks    Fire/Tloc/Air  100%       2d18      1%          3
d - Inner Flame           Hex/Fire       60%        N/A       1%          3
e - Flame Wave            Conj/Fire      60%        2d14      1%          4
f - Kiss of Death         Conj/Necr      100%       2d13      1%          1
g - Passwall              Tmut/Erth      50%        N/A       1%          2
h - Static Discharge      Conj/Air       100%       2-7/arc   1%          2
i - Olgreb's Toxic Radia  Pois           60%        N/A       1%          4
j - Silence               Hex/Air        30%        N/A       1%          5
Your spell library was empty.

Dungeon Overview and Level Annotations

Branches:
Dungeon (8/15)             Temple (1/1) D:6          Bailey (visited)
   Lair: D:8-11

Altars:
Ashenzari
Cheibriados
Elyvilon
Fedhas
Hepliaklqana
Makhleb
Nemelex Xobeh
Okawaru
Qazlal
Trog
Xom
Yredelemnul
Zin
The Shining One

Shops:
D:3 *[


Innate Abilities, Weirdness & Mutations

You are immune to sickness and miasma.
You are immune to poison.
Your flesh is very heat resistant. (rF++)
You are vulnerable to cold. (rC-)
You float through the air rather than walking.
You learn spells naturally, not from books.
Your magical power is your life essence.
You have superior vitality. (+4 MHP)


Message History

Casting: Flame Wave (dangerous; 1% risk of failure)
Press: ? - help, Dir - look around, f - activate A wave of flame ripples out!
The flame wave engulfs the orc wizard!
You kill the orc wizard! (Press . to intensify the flame waves.)
You hear a shout!
A wave of flame ripples out!
The flame wave engulfs the howler monkey!
You kill the howler monkey!
The flame wave engulfs the centaur warrior!
The centaur warrior is moderately wounded.
The centaur warrior wields a +0 shortbow.
The centaur warrior shoots an arrow.
The arrow hits you.
* * * LOW HITPOINT WARNING * * *
A wave of flame ripples out!
The flame wave engulfs the centaur warrior!
The centaur warrior is heavily wounded.
The flame wave engulfs the orc!
You kill the orc!
* * * LOW HITPOINT WARNING * * *
You finish channelling waves of flame.
The centaur warrior shoots an arrow.
The arrow hits you!
* * * LOW HITPOINT WARNING * * *
An orc wizard comes into view. It is wielding a +0 dagger.
Casting: Flame Wave (dangerous; 1% risk of failure)
Confirm with . or Enter, or press ? or * to list all spells.
Flames lash the centaur warrior.
The centaur warrior is heavily wounded.
The centaur warrior's fire resistance burns away.
* * * LOW HITPOINT WARNING * * *
The centaur warrior shoots an arrow.
The arrow barely misses you.
Casting: Scorch (safe; 1% risk of failure)
Confirm with . or Enter, or press ? or * to list all spells.
Flames lash the centaur warrior.
The centaur warrior is burned terribly!
The centaur warrior is severely wounded.
* * * LOW HITPOINT WARNING * * *
A centaur comes into view.
The centaur warrior unwields a +0 shortbow.
The centaur warrior hits you.
You die...

...
#..........
...##..c.....
.........o..
.......†..#
........†.#
#)))..#
##.....#
#...<.c#
##.).)@#
#))...#
.'......#
..#......# .
########


You could see a centaur warrior (combustible), a centaur and an orc wizard.

Vanquished Creatures
  An orc warlord (Bailey)
  Pikel (D:7)
  Sigmund (D:2)
  6 yaks (D:7)
  A wyvern (D:7)
  Eustachio (D:6)
  A steam dragon (D:7)
  Menkaure (D:7)
  A water moccasin (D:6)
  12 orc warriors (Bailey)
  3 ice beasts
  3 black bears
  3 ogres
  4 lemures (D:7)
  6 scorpions
  A necrophage (D:8)
  8 wights
  3 killer bees (D:8)
  3 howler monkeys
  9 crimson imps (D:7)
  A jelly (D:5)
  A hound (D:6)
  2 orc priests (D:4)
  A gnoll bouda (D:4)
  4 iguanas
  Terence (D:2)
  6 orc wizards
  14 gnolls
  10 adders
  A shadow imp (D:8)
  2 white imps (D:7)
  An ufetubus (D:5)
  3 worms
  A dart slug (D:5)
  36 orcs
  5 endoplasms
  A giant cockroach (D:4)
  18 goblins
  12 hobgoblins
  3 jackals (D:3)
  6 kobolds
  2 quokkas
  6 ball pythons
  2 bats
  A frilled lizard (D:2)
  4 rats
213 creatures vanquished.

Vanquished Creatures (others)
  43 foxfires
43 creatures vanquished.

Grand Total: 256 creatures vanquished

Notes
Turn   | Place    | Note
-------+----------+-------------------------------------------
     0 | D:1      | Irreverend the Djinni Fire Elementalist began the quest for
                  | the Orb.
     0 | D:1      | Irreverend set off with the following spells memorised:
                  | Foxfire, Scorch, Kindle Blastsparks, Inner Flame, Flame
                  | Wave.
     0 | D:1      | Reached XP level 1. HP: 15/15 MP: 0/0
    69 | D:1      | Found a faded altar of an unknown god.
    73 | D:1      | Reached XP level 2. HP: 9/21 MP: 0/0
  1318 | D:2      | Reached XP level 3. HP: 22/25 MP: 0/0
  1318 | D:2      | Learned a level 1 spell: Kiss of Death
  1609 | D:2      | Noticed Terence
  1616 | D:2      | Killed Terence
  1617 | D:2      | Reached XP level 4. HP: 16/29 MP: 0/0
  1732 | D:2      | Noticed Sigmund
  1747 | D:2      | Killed Sigmund
  1748 | D:2      | Reached XP level 5. HP: 19/35 MP: 0/0
  1748 | D:2      | Learned a level 2 spell: Passwall
  1748 | D:2      | Reached XP level 6. HP: 22/40 MP: 0/0
  2211 | D:2      | Identified the +1 robe of Sif Muna's Delight {Will+}
  2475 | D:3      | Found Zin's Purification Station.
  2478 | D:3      | Found a glowing silver altar of Zin.
  2926 | D:3      | Found Orpham's Antique Armour Boutique.
  3031 | D:3      | Reached XP level 7. HP: 19/45 MP: 0/0
  3031 | D:3      | Learned a level 2 spell: Static Discharge
  3409 | D:4      | Found a shimmering altar of Xom.
  3461 | D:4      | Reached skill level 5 in Spellcasting
  3661 | D:4      | Reached skill level 5 in Dodging
  4081 | D:4      | Reached XP level 8. HP: 47/50 MP: 0/0
  4529 | D:5      | Entered Level 5 of the Dungeon
  4710 | D:5      | Found a glowing golden altar of the Shining One.
  5002 | D:5      | Identified the +0 leather armour of the Endless Expanse
                  | {Str+3 Int+3}
  5091 | D:5      | Reached XP level 9. HP: 52/55 MP: 0/0
  5091 | D:5      | Learned a level 4 spell: Olgreb's Toxic Radiance
  5386 | D:5      | Found a stormy altar of Qazlal.
  5733 | D:6      | Found a staircase to the Ecumenical Temple.
  5739 | Temple   | Entered the Ecumenical Temple
  5862 | Temple   | Became a worshipper of Ashenzari the Shackled
  5927 | D:6      | Noticed Eustachio
  5937 | D:6      | Killed Eustachio
  6147 | D:6      | Found a bloodstained altar of Trog.
  6412 | D:6      | Found an iron altar of Okawaru.
  6481 | D:7      | Noticed Menkaure
  6487 | D:7      | Killed Menkaure
  6768 | D:7      | Found a flagged portal.
  6779 | Bailey   | Entered a bailey
  6874 | Bailey   | Reached XP level 10. HP: 49/60 MP: 0/0
  7336 | Bailey   | Noticed an orc warlord
  7363 | Bailey   | Killed an orc warlord
  7515 | D:7      | Noticed Pikel
  7530 | D:7      | Killed Pikel
  7531 | D:7      | Reached skill level 10 in Dodging
  7531 | D:7      | Reached skill level 10 in Spellcasting
  7650 | D:7      | Reached XP level 11. HP: 50/65 MP: 0/0
  7650 | D:7      | Learned a level 5 spell: Silence
  8709 | D:8      | Noticed a centaur warrior
  8717 | D:8      | Slain by a centaur warrior

Illustrated notes

Levels and vault maps discovered:
D:1:      lemuel_arrival_cross, layout_basic, shapermc_ecumenical_altar_venn
D:2:      layout_basic, uniq_sigmund, uniq_terence
D:3:      layout_basic, zin_purify, serial_shops, shop,
          hangedman_decor_diamond_cutter
D:4:      layout_loops_cross, kennysheep_mini_moat, kennysheep_big_empty_room,
          lemuel_flame_loot_1
D:5:      layout_loops_ring, nicolae_overflow_hidden_temple,
          nicolae_tso_swordbearing_angel
D:6:      layout_cave_pools, mainiacjoe_overflow_boulevard,
          kennysheep_okawaru_gauntlet, minmay_temple_entry_grid, uniq_eustachio
D:7:      black_bear_nest_2, layout_basic, enter_bailey_5, minmay_nine_imps,
          uniq_pikel, uniq_menkaure
D:8:      layout_gridville, vehumet_crystals, kb_rosetta
Temple:   nicolae_temple_slightly_damp_pantheon

Skill      XL: |  1  2  3  4  5  6  7  8  9 10 |
---------------+-------------------------------+-----
Spellcasting   | 3 4 5 7 8 10 | 10.9
Dodging        | 3 4 5 6 8 10 | 10.8
Stealth        | |  1.5

Action                     |  1- 3 |  4- 6 |  7- 9 | 10-12 || total
---------------------------+-------+-------+-------+-------++-------
  Melee: Staff             |       |       |       |     6 ||     6
   Cast: Foxfire           |    13 |     4 |     4 |     3 ||    24
         Scorch            |    27 |    41 |   138 |    64 ||   270
         Kiss of Death     |     1 |       |       |       ||     1
         Olgreb's Toxic Ra |       |       |     7 |    29 ||    36
         Static Discharge  |       |       |       |    14 ||    14
         Flame Wave        |       |       |       |     4 ||     4
 Invoke: Curse Item        |       |       |     1 |       ||     1
  Evoke: Wand              |       |       |       |     2 ||     2
    Use: Potion            |     2 |       |     1 |     3 ||     6
         Scroll            |     2 |       |     1 |     1 ||     4
 Armour: Robe              |     3 |     5 |     2 |       ||    10
         Leather armour    |       |       |     5 |    10 ||    15
  Dodge: Dodged            |    18 |     8 |    34 |    19 ||    79

Table legend: (Time is in decaauts)
 A = Elapsed time spent in this place.
 B = Non-inter-level travel time spent in this place.
 C = Inter-level travel time spent in this place.
 D = Time resting spent in this place.
 E = Time spent auto-exploring this place.
 F = Levels seen in this place.
 G = Mean time per level.
                   A        B        C        D        E       F      G
               +--------+--------+--------+--------+--------+-----+--------+
         Total |   8713 |   8479 |    234 |   2397 |   4351 |  10 |  871.3 |
       Dungeon |   7844 |   7624 |    220 |   2210 |   4040 |   8 |  980.5 |
        Temple |    144 |    130 |     14 |      0 |      0 |   1 |  144.0 |
        Bailey |    724 |    724 |      0 |    187 |    311 |   1 |  724.0 |
               +--------+--------+--------+--------+--------+-----+--------+

Top non-repeatable levels by time:
     D:7: 1481 daAuts
     D:2: 1274 daAuts
     D:4: 1239 daAuts
     D:5: 1188 daAuts
     D:1: 1173 daAuts
     D:3: 838 daAuts
  Bailey: 724 daAuts
     D:6: 616 daAuts
  Temple: 144 daAuts
     D:8: 31 daAuts
